 Dungeon Crawl Stone Soup version 0.27.1 (webtiles) character file.

Game seed: 7447446041815331146

1873 Tinkle the Chopper (level 8, -4/73 HPs)
             Began as a Minotaur Berserker on Aug 30, 2021.
             Was an Elder of Trog.
             Slain by a gnoll (11 damage)
             ... on level 5 of the Dungeon.
             The game lasted 00:17:36 (5823 turns).

Tinkle the Chopper (Minotaur Berserker)             Turns: 5823, Time: 00:17:37

Health: -4/73      AC: 15    Str: 24    XL:     8   Next: 91%
Magic:  7/7        EV:  8    Int:  4    God:    Trog [****..]
Gold:   277        SH: 11    Dex: 10    Spells: 7/7 levels left

rFire    . . .     SeeInvis .   v - +5 war axe
rCold    . . .     Faith    .   b - +1 kite shield
rNeg     . . .     Spirit   .   k - +0 chain mail
rPois    .         Reflect  .   a - +0 hat
rElec    .         Harm     .   f - +2 cloak
rCorr    .         Rampage  .   (no gloves)
Will     .....                  h - +0 pair of boots
Stlth    ..........             (no amulet)
HPRegen  0.22/turn              (no ring)
MPRegen  0.10/turn              (no ring)

@: on berserk cooldown, slowed, very slow
A: horns 2, retaliatory headbutt
a: Renounce Religion, Berserk, Trog's Hand, Brothers in Arms


You were on level 5 of the Dungeon.
You worshipped Trog.
Trog was greatly pleased with you.
You visited 1 branch of the dungeon, and saw 6 of its levels.
You also visited: Sewer.

You collected 277 gold pieces.

Inventory:

Hand Weapons
 u - the +11 whip of Duty {drain, rN+ Will+++ Int-2 Dex-2}
   (You found it on level 4 of the Dungeon)

   A truly terrible weapon, it drains the life of any living foe it strikes.
   Int:       It affects your intelligence (-2).
   Dex:       It affects your dexterity (-2).
   rN:        It protects you from negative energy.
   Will:      It greatly increases your willpower.
 v - a +5 war axe (weapon)
Missiles
 c - 31 poisoned darts (quivered)
 q - a curare-tipped dart
Armour
 a - a +0 hat (worn)
 b - a +1 kite shield (worn)
 f - a +2 cloak (worn)
 h - a +0 pair of boots (worn)
 k - a +0 chain mail (worn)
Wands
 r - a wand of polymorph (9)
Scrolls
 d - a scroll of fear
 m - a scroll of identify
 p - a scroll of enchant armour
 s - a scroll of teleportation
 t - a scroll of brand weapon {unknown}
Potions
 e - 5 potions of cancellation
 g - 3 potions of curing {unknown}
 i - a potion of attraction {unknown}
 j - 3 potions of flight {unknown}
 l - a potion of berserk rage {unknown}
 n - 5 potions of might {unknown}
 o - 4 potions of heal wounds {unknown}


   Skills:
 + Level 7.2 Fighting
 + Level 7.2 Axes
 + Level 6.6 Armour
 + Level 6.0 Dodging
 + Level 5.7 Shields


You had 7 spell levels left.
You didn't know any spells.
Your spell library was empty.

Dungeon Overview and Level Annotations

Branches:
Dungeon (6/15)              Sewer (visited)
 Temple: D:4-7

Altars:
Cheibriados
Fedhas
Kikubaaqudgha
Makhleb
Nemelex Xobeh
Ru
Sif Muna
Trog


Innate Abilities, Weirdness & Mutations

You have a pair of horns on your head.
You reflexively headbutt those who attack you in melee.


Message History

Trog accepts your kill.
You closely miss something. You closely miss the gnoll.
You are no longer berserk.
You are exhausted.
You feel yourself slow down.
The gnoll hits you from afar with a +0 halberd.
Huge Dmg: -30%(-22hp) hp: 44%(32hp)
You slash the gnoll!
The gnoll is severely wounded.
You hit something.
You feel sick.
You are no longer poisoned.
The gnoll hits you but does no damage. Something hits you but does no damage.
The gnoll hits you with a +0 whip. The gnoll barely misses you.
A sky beast appears from thin air!
Reactivating autopickup.
The sky beast barely misses you.
The gnoll hits you from afar with a +0 spear.
The gnoll barely misses you.
You barely miss the gnoll.
The gnoll is severely wounded.
You slash the sky beast!
You kill the sky beast!
Trog accepts your kill.
The gnoll hits you from afar with a +0 halberd.
The gnoll hits you from afar with a +0 spear.
* * * LOW HITPOINT WARNING * * *
The gnoll completely misses you. You block the gnoll's attack. x2
The gnoll barely misses you. You furiously retaliate!
You headbutt the gnoll!
You kill the gnoll!
Trog accepts your kill.
Your Dodging skill increases to level 6!
Huge Dmg: -17%(-13hp) hp: 27%(19hp)
You enter the shallow water.
Moving in this stuff is going to be slow.
The gnoll hits you from afar with a +0 halberd!
* * * LOW HITPOINT WARNING * * *
The gnoll barely misses you. You block the gnoll's attack.
The gnoll barely misses you.
The gnoll hits you from afar with a +0 halberd!
You die...

..##...#
.#..#.#
...#.####
#.......#
#.......####
#gg.........
#.)(........
#)(@>.......
####.##.....
....... #.#
... .......
..# . ......
### #....
#.... #....
#.... #....


You could see 2 gnolls.

Vanquished Creatures
  Sigmund (D:6)
  A water moccasin (D:5)
  2 sky beasts
  An ice beast (D:6)
  An ogre (D:5)
  2 phantoms
  Blork the orc (D:6)
  A kobold brigand (Sewer)
  A scorpion (D:5)
  A wyvern zombie (D:6)
  4 wights (D:4)
  A howler monkey (D:6)
  2 hounds (D:4)
  2 gnoll shamans
  An orc priest (D:6)
  An iron imp (D:4)
  3 iguanas
  3 orc wizards
  10 gnolls
  4 adders
  2 river rats (D:3)
  2 shadow imps (D:6)
  An adder skeleton (D:4)
  3 dart slugs
  12 orcs
  11 ball pythons
  7 bats
  7 endoplasms
  6 giant cockroaches
  6 goblins
  6 hobgoblins
  4 jackals (D:3)
  22 kobolds
  2 quokkas (D:1)
  3 frilled lizards
  10 rats
147 creatures vanquished.

Vanquished Creatures (others)
  2 plants (Sewer)
2 creatures vanquished.

Grand Total: 149 creatures vanquished

Notes
Turn   | Place    | Note
-------+----------+-------------------------------------------
     0 | D:1      | Tinkle the Minotaur Berserker began the quest for the Orb.
     0 | D:1      | Reached XP level 1. HP: 19/19 MP: 0/0
    16 | D:1      | Huge Dmg: 4 dmg
    18 | D:1      | Huge Dmg: 6 dmg
   262 | D:1      | Huge Dmg: 5 dmg
   266 | D:1      | Huge Dmg: 4 dmg
   267 | D:1      | Huge Dmg: 3 dmg
   535 | D:1      | Reached XP level 2. HP: 22/27 MP: 1/1
   914 | D:1      | Found a faded altar of an unknown god.
  1145 | D:2      | Reached XP level 3. HP: 29/33 MP: 2/2
  1465 | D:2      | Reached ** piety under Trog
  1666 | D:2      | Reached skill level 1 in Shields
  1666 | D:2      | Reached XP level 4. HP: 39/40 MP: 3/3
  2026 | D:2      | Reached XP level 5. HP: 27/47 MP: 4/4
  2220 | D:3      | Found a sacrificial altar of Ru.
  2397 | D:3      | Huge Dmg: 17 dmg
  2406 | D:3      | Found a glowing drain.
  2425 | Sewer    | Entered a sewer
  2705 | Sewer    | Reached skill level 5 in Axes
  2705 | Sewer    | Reached XP level 6. HP: 33/55 MP: 5/5
  2867 | Sewer    | Reached *** piety under Trog
  3389 | D:3      | Found a sparkling altar of Nemelex Xobeh.
  3513 | D:3      | Reached skill level 5 in Fighting
  3979 | D:4      | Huge Dmg: 20 dmg
  4256 | D:4      | Found a snail-covered altar of Cheibriados.
  4273 | D:4      | Found an ancient bone altar of Kikubaaqudgha.
  4276 | D:4      | Found a bloodstained altar of Trog.
  4276 | D:4      | Found a shimmering blue altar of Sif Muna.
  4276 | D:4      | Found a blossoming altar of Fedhas.
  4276 | D:4      | Found a burning altar of Makhleb.
  4298 | D:4      | Huge Dmg: 11 dmg
  4447 | D:4      | Huge Dmg: 11 dmg
  4456 | D:4      | Reached XP level 7. HP: 40/61 MP: 6/6
  4639 | D:4      | Identified the +11 whip of Duty {drain, rN+ Will+++ Int-2
                  | Dex-2}
  4708 | D:4      | Reached skill level 5 in Armour
  4708 | D:4      | Huge Dmg: 21 dmg
  5337 | D:5      | Entered Level 5 of the Dungeon
  5388 | D:5      | You fall into a shaft and drop 1 floor!
  5513 | D:6      | Noticed Sigmund
  5530 | D:6      | Killed Sigmund
  5531 | D:6      | Reached skill level 5 in Dodging
  5531 | D:6      | Reached XP level 8. HP: 70/70 MP: 7/7
  5537 | D:6      | Huge Dmg: 33 dmg
  5695 | D:6      | Reached skill level 5 in Shields
  5695 | D:6      | Reached **** piety under Trog
  5707 | D:6      | Noticed Blork the orc
  5711 | D:6      | Huge Dmg: 33 dmg
  5717 | D:6      | Killed Blork the orc
  5803 | D:5      | Huge Dmg: 19 dmg
  5821 | D:5      | Huge Dmg: 22 dmg
  5823 | D:5      | Huge Dmg: 13 dmg
  5823 | D:5      | Slain by a gnoll

Illustrated notes

Levels and vault maps discovered:
D:1:      scummos_arrival_forest, layout_rooms, ebering_ecumenical_altar_hall
D:2:      layout_loops_corners
D:3:      layout_basic, nicolae_ru_awakened_eye, lemuel_coloured_pillars_altar,
          portal_sewer_entry_e
D:4:      layout_loops_ring, chei_slow_surprise, grunt_temple_overflow_open
D:5:      layout_basic, lemuel_doored_altar, minmay_temple_entry_waves
D:6:      layout_rooms, hangedman_glass_teeth, uniq_blork_the_orc, uniq_sigmund

Skill      XL: |  1  2  3  4  5  6  7  8 |
---------------+-------------------------+-----
Axes           | 4 5 6 7 |  7.2
Fighting       | 4 5 6 7 |  7.2
Armour         | 3 4 5 6 |  6.6
Shields        | 1 2 3 4 5 |  5.7
Dodging        | 3 4 5 6 |  6.0

Action                   |  1- 3 |  4- 6 |  7- 9 || total
-------------------------+-------+-------+-------++-------
Melee: Hand axe          |    79 |   213 |    12 ||   304
       Headbutt          |     4 |    25 |    17 ||    46
       War axe           |       |       |    71 ||    71
       Whip              |       |       |    19 ||    19
Throw: Dart              |     6 |     6 |     8 ||    20
Invok: Berserk           |       |     2 |     4 ||     6
       Trog's Hand       |       |       |     2 ||     2
  Use: Scroll            |     4 |       |     7 ||    11
Armor: Animal skin       |    10 |       |       ||    10
       Chain mail        |    22 |   136 |    45 ||   203
Dodge: Dodged            |    35 |    55 |    32 ||   122
Block: Kite shield       |    15 |    99 |    47 ||   161
